 Dungeon Crawl Stone Soup version 0.26.1-11-gd32895ea62 (webtiles) character file.

Game seed: 11153077141682032428

267 infcreate the Charlatan (level 6, -1/55 HPs)
             Began as a Deep Dwarf Artificer on May 17, 2021.
             Was an Initiate of the Shining One.
             Splashed by a hobgoblin's acid (8 damage)
             ... on level 3 of the Dungeon.
             The game lasted 00:11:00 (1995 turns).

infcreate the Charlatan (Deep Dwarf Artificer)      Turns: 1995, Time: 00:11:01

Health: -1/55      AC:  3    Str: 18    XL:     6   Next: 0%
Magic:  6/6        EV: 12    Int: 11    God:    the Shining One [......]
Gold:   107        SH:  4    Dex: 13    Spells: 5/5 levels left

rFire    . . .     SeeInvis .   k - +1 short sword (venom)
rCold    . . .     Faith    .   j - +0 buckler
rNeg     . . .     Spirit   .   g - +0 ring mail
rPois    .         Reflect  .   h - +2 hat
rElec    .         Harm     .   (no cloak)
rCorr    .         Rampage  .   (no gloves)
Will     .....                  (no boots)
Stlth    +.........             (no amulet)
HPRegen  0.00/turn              (no ring)
MPRegen  0.10/turn              (no ring)

@: corroded, non-regenerating, glowing
A: damage resistance, heal wounds, sense surroundings 1, no regeneration
a: Heal Wounds, Renounce Religion


You were on level 3 of the Dungeon.
You worshipped the Shining One.
The Shining One was noncommittal.
You visited 1 branch of the dungeon, and saw 3 of its levels.

You collected 107 gold pieces.


Innate Abilities, Weirdness & Mutations

You are resistant to damage.
You can heal yourself by infusing magical energy.
You passively map a small area around you.
You do not regenerate.


   Skills:
 + Level 2.5 Fighting
 + Level 3.6 Armour
 + Level 3.0 Dodging
 - Level 1.2 Stealth
 + Level 2.4 Shields
 + Level 5.3 Evocations


You had 5 spell levels left.
You didn't know any spells.
Your spell library was empty.

Inventory:

Hand Weapons
 k - a +1 short sword of venom (weapon)
Armour
 g - a +0 ring mail (worn)
 h - a +2 hat (worn)
 j - a +0 buckler (worn)
Jewellery
 i - an uncursed ring of flight {unknown}
 o - an uncursed ring of flight {unknown}
Wands
 c - a wand of flame (9) (quivered)
 d - a wand of enslavement (14)
Scrolls
 n - a scroll of teleportation {@r4}
Potions
 a - a potion of cancellation {unknown}
 b - 2 potions of heal wounds {unknown}
 e - a potion of ambrosia {unknown}
 f - a potion of might {unknown}
 l - 4 potions of curing {unknown}
 m - a potion of berserk rage {unknown}

Dungeon Overview and Level Annotations

Branches:
Dungeon (3/15)

Altars:
Ashenzari
Cheibriados
Nemelex Xobeh
Qazlal
The Shining One

#.. ** #.#.#. , ***
#..############.#.#.
##...............#.##
* +
....####)...........
*,*##..#*
#.#######)###
#....###.# #.#.. *
#........# #.#^. ≈
#..##.#### #....
,#..@..# ###.. ,
##g#### ##########..
#.* ........##.. *#.
,,,...........# ,
,,*#.* *
*........#### * #.*
........# , #.
**######### #., * *
*, *


You could see a hobgoblin.


Message History

A goblin is nearby!
You hit the goblin.
The goblin is poisoned.
The goblin is severely wounded.
You kill the goblin!
You have reached level 6!
Your experience leads to an increase in your attributes!
Increase (S)trength, (I)ntelligence, or (D)exterity?
You feel stronger.
Things that are here:
a +0 club; a goblin corpse A kobold comes into view.
It is wielding a +0 dagger.
The kobold shouts!
You start waiting.
A kobold is nearby!
You hit the kobold.
You kill the kobold!
Things that are here:
a +0 dagger; a kobold corpse A hobgoblin comes into view.
It is wielding a +0 club and carrying a wand of acid (11).
The hobgoblin shouts!
The hobgoblin zaps a wand.
The bolt of acid hits you! The acid corrodes you!
You are splashed with acid!
* * * LOW HITPOINT WARNING * * *
The hobgoblin closely misses you.
You barely miss the hobgoblin. The hobgoblin closely misses you.
You closely miss the hobgoblin.
The hobgoblin zaps a wand.
The bolt of acid hits you!
* * * LOW HITPOINT WARNING * * *
You are splashed with acid!
You die...

Skill      XL: |  1  2  3  4 |
---------------+-------------+-----
Fighting       | 1 2 |  2.5
Dodging        | 2 3 |  3.0
Shields        | 1 2 |  2.4
Armour         | 3 |  3.6
Evocations     | 5 |  5.3
Stealth        | |  1.2

Action                   |  1- 3 |  4- 6 || total
-------------------------+-------+-------++-------
Melee: Club              |    31 |       ||    31
       Dagger            |    71 |       ||    71
       Short sword       |     6 |    76 ||    82
 Abil: Heal Wounds       |       |     1 ||     1
Evoke: Wand              |     2 |     6 ||     8
  Use: Scroll            |     4 |       ||     4
 Stab: Sleeping          |     1 |       ||     1
Armor: Ring mail         |    39 |    30 ||    69
Dodge: Dodged            |    53 |    44 ||    97
Block: Buckler           |     6 |    17 ||    23

Levels and vault maps discovered:
D:1:      dpeg_arrival_arbitrary_a, layout_loops_ring
D:2:      layout_basic, grunt_temple_overflow_open, lemuel_crystal_altar,
          uniq_sigmund
D:3:      minmay_razor_zed, layout_basic, general_overflow_altar

Notes
Turn   | Place    | Note
-------+----------+-------------------------------------------
     0 | D:1      | infcreate the Deep Dwarf Artificer began the quest for the
                  | Orb.
     0 | D:1      | Reached XP level 1. HP: 16/16 MP: 1/1
    92 | D:1      | Reached skill level 1 in Fighting
   351 | D:1      | Reached XP level 2. HP: 21/25 MP: 2/2
   703 | D:1      | Reached XP level 3. HP: 27/31 MP: 3/3
  1121 | D:2      | Found a broken altar of Ashenzari.
  1143 | D:2      | Found a snail-covered altar of Cheibriados.
  1158 | D:2      | Found a glowing golden altar of the Shining One.
  1158 | D:2      | Found a stormy altar of Qazlal.
  1158 | D:2      | Found a sparkling altar of Nemelex Xobeh.
  1205 | D:2      | Became a worshipper of the Shining One
  1234 | D:2      | Reached skill level 2 in Dodging
  1234 | D:2      | Reached skill level 1 in Shields
  1234 | D:2      | Reached XP level 4. HP: 32/39 MP: 4/4
  1292 | D:2      | Reached skill level 3 in Armour
  1405 | D:2      | Noticed Sigmund
  1513 | D:2      | Killed Sigmund
  1514 | D:2      | Reached skill level 2 in Fighting
  1514 | D:2      | Reached skill level 3 in Dodging
  1514 | D:2      | Reached skill level 2 in Shields
  1514 | D:2      | Reached skill level 5 in Evocations
  1514 | D:2      | Reached XP level 5. HP: 43/46 MP: 5/5
  1965 | D:3      | Reached XP level 6. HP: 42/55 MP: 6/6
  1995 | D:3      | Splashed by a hobgoblin's acid

Vanquished Creatures
  Sigmund (D:2)
  A jelly (D:2)
  An adder (D:2)
  An ooze (D:1)
  2 worms
  2 dart slugs
  2 leopard geckos (D:2)
  2 ball pythons
  7 giant cockroaches
  5 goblins
  6 hobgoblins
  7 jackals (D:1)
  3 quokkas (D:2)
  5 bats
  2 kobolds (D:3)
  3 rats
50 creatures vanquished.

Table legend: (Time is in decaauts)
 A = Elapsed time spent in this place.
 B = Non-inter-level travel time spent in this place.
 C = Inter-level travel time spent in this place.
 D = Time resting spent in this place.
 E = Time spent auto-exploring this place.
 F = Levels seen in this place.
 G = Mean time per level.
                   A        B        C        D        E       F      G
               +--------+--------+--------+--------+--------+-----+--------+
         Total |   2015 |   1956 |     59 |    163 |   1148 |   3 |  671.7 |
       Dungeon |   2015 |   1956 |     59 |    163 |   1148 |   3 |  671.7 |
               +--------+--------+--------+--------+--------+-----+--------+

Top non-repeatable levels by time:
     D:1: 1135 daAuts
     D:2: 683 daAuts
     D:3: 196 daAuts

Table legend:
 A = Non-vault XP
 B = Vault XP
 C = Vault XP percentage of total XP
 D = Non-vault monster count
 E = Vault monster count
 F = Vault count percentage of total count
                 A         B        C        D         E       F
            +---------+---------+-------+---------+---------+-------
      Total |     159 |     223 |  58.4 |      49 |       1 |   2.0
            +---------+---------+-------+---------+---------+-------
        D:1 |      50 |       0 |   0.0 |      22 |       0 |   0.0
        D:2 |      92 |     223 |  70.8 |      18 |       1 |   5.3
        D:3 |      17 |       0 |   0.0 |       9 |       0 |   0.0
            +---------+---------+-------+---------+---------+-------
